 Dungeon Crawl Stone Soup version 0.29-a0-919-gd064cfad1c (webtiles) character file.

Game seed: 14417922190031717317

237 ptdevnull the Magician (level 6, -1/46 HPs)
             Began as a Djinni Venom Mage on July 27, 2022.
             Was a Priest of Cheibriados.
             Slain by an adder (2 damage)
             ... in a sewer.
             The game lasted 00:07:32 (3273 turns).

ptdevnull the Magician (Djinni Venom Mage)          Turns: 3273, Time: 00:07:33

Health: -1/46      AC:  4    Str: 14    XL:     6   Next: 28%
Gold:   76         EV: 12    Int: 25    God:    Cheibriados [***...] SH:  0 Dex: 21

rFire   + + .      SeeInvis .   (no weapon)
rCold   x . .      Faith    .   (no shield)
rNeg    . . .      Spirit   .   h - +1 leather armour {Will+}
rPois   ∞          Reflect  .   (no helmet)
rElec   .          Harm     .   (no cloak)
rCorr   .          Rampage  .   (no gloves)
Will    +....                   (boots unavailable)
Stlth   ++........              (no amulet)
HPRegen 0.15/turn               (no ring)
MPRegen 0.00/turn               (no ring)

@: about to teleport, flying, very slow
A: sickness immunity, fire resistance 2, cold vulnerability 1, float, innate
caster, HP casting, extra vitality 1
a: Renounce Religion, Bend Time, Temporal Distortion


You were in a sewer.
You worshipped Cheibriados.
Cheibriados was most pleased with you.
You visited 1 branch of the dungeon, and saw 3 of its levels.
You also visited: Sewer.

You collected 76 gold pieces.

Inventory:

Armour
 a - a +0 robe
 h - a +1 leather armour of willpower (worn)
Scrolls
 c - a scroll of teleportation
 d - a scroll of identify
 f - 2 scrolls of noise
 g - a scroll of fear {unknown}
 i - a scroll of summoning {unknown}


   Skills:
 + Level 3.3 Fighting
 - Level 2.1 Dodging
 - Level 1.5 Stealth
 * Level 4.2 Spellcasting


You couldn't memorise any spells.
You knew the following spells:

 Your Spells              Type           Power      Damage    Failure   Level
a - Sting                 Tmut/Pois      100%       1d8       1%          1
b - Poisonous Vapours     Pois/Air       52%        N/A       3%          2
c - Mephitic Cloud        Conj/Pois/Air  26%        N/A       6%          3
d - Olgreb's Toxic Radia  Pois           26%        N/A       19%         4
e - Shock                 Conj/Air       100%       1d9       1%          1
f - Ensorcelled Hibernat  Hex/Ice        52%        N/A       3%          2
Your spell library was empty.

Dungeon Overview and Level Annotations

Branches:
Dungeon (3/15)              Sewer (1/1)

Altars:
Cheibriados


Innate Abilities, Weirdness & Mutations

You are immune to sickness and miasma.
You are immune to poison.
Your flesh is very heat resistant. (rF++)
You are vulnerable to cold. (rC-)
You float through the air rather than walking.
You learn spells naturally, not from books.
Your magical power is your life essence.
You have superior vitality. (+4 MHP)


Message History

The adder bites you but does no damage. The giant cockroach barely misses you.
Casting: Sting (safe; 2% risk of failure)
Confirm with . or Enter, or press ? or * to list all spells.
Aiming: Sting (safe; 2% risk of failure)
Press: ? - help, Shift-Dir - straight line, f - adder, p - bullfrog
Aim: an adder (confused, 85% to hit)
The sting hits the adder.
The adder is poisoned.
The adder is moderately wounded.
* * * LOW HITPOINT WARNING * * *
The adder barely misses you. The adder bites you.
* * * LOW HITPOINT WARNING * * *
The giant cockroach barely misses you. The frilled lizard misses you.
The bullfrog closely misses you.
You aren't carrying any potions.
The frilled lizard attacks as you move away!
The frilled lizard closely misses you.
The bullfrog hits the bullfrog!
The bullfrog is killed!
Cheibriados appreciates the change of pace.
The giant cockroach closely misses you. The adder closely misses you.
The giant cockroach misses you. The adder bites you.
* * * LOW HITPOINT WARNING * * *
The bullfrog barely misses you.
Your Spellcasting skill increases to level 4!
You have reached level 6!
You aren't carrying any items that you can evoke.
Unknown command.
You aren't carrying any potions.
Unknown command.
As you read the scroll of teleportation, it crumbles to dust.
You feel strangely unstable.
The adder seems less confused.
The frilled lizard closely misses you. The giant cockroach barely misses you.
The bullfrog barely misses you. The adder barely misses you.
Unknown command.
The adder attacks as you move away! The adder bites you.
* * * LOW HITPOINT WARNING * * *
The adder looks more healthy.
The bullfrog barely misses the giant cockroach.
The adder closely misses you. The frilled lizard misses you.
The adder bites you.
You die...

≈≈≈
≈≈≈≈≈≈≈≈≈≈≈≈≈≈≈≈.
...
≈≈≈≈≈≈≈≈≈≈..≈≈≈≈.#
###
≈≈≈≈≈≈≈≈≈≈≈≈.≈≈≈.#
≈≈≈≈≈≈≈≈≈≈≈≈.≈≈≈≈#
≈≈≈.≈≈≈≈≈≈≈≈≈≈≈≈≈#
≈.≈≈≈≈.≈≈≈≈≈≈≈≈≈.#
≈?....≈≈B≈≈≈≈≈≈≈≈#
?!$≈≈.≈FSlS≈≈≈≈≈.#
.(?≈.≈≈≈≈@≈≈≈≈≈≈≈#
≈.≈≈≈..≈≈≈≈≈≈≈≈≈≈#
≈≈≈≈≈≈∩≈≈≈≈#≈≈≈≈≈#
≈≈≈≈≈≈≈≈≈≈##≈≈≈≈≈#
≈≈≈≈≈≈≈≈####≈≈≈≈.#
≈≈≈≈≈#### #≈≈≈≈.#
#### #.≈≈≈.#
#≈≈≈≈.# #≈≈≈≈.#


You could see a bullfrog (confused, very poisoned), 2 adders, a giant cockroach
and a frilled lizard.

Vanquished Creatures
  A bullfrog (Sewer)
  8 adders
  3 river rats
  3 worms (D:3)
  3 dart slugs
  An orc (D:2)
  2 bats
  2 endoplasms
  4 giant cockroaches (Sewer)
  3 goblins (D:1)
  5 hobgoblins
  2 jackals (D:1)
  4 kobolds
  4 quokkas (Sewer)
  6 ball pythons
  6 frilled lizards
  9 rats
66 creatures vanquished.

Vanquished Creatures (others)
  4 plants (D:1)
4 creatures vanquished.

Grand Total: 70 creatures vanquished

Notes
Turn   | Place    | Note
-------+----------+-------------------------------------------
     0 | D:1      | ptdevnull the Djinni Venom Mage began the quest for the
                  | Orb.
     0 | D:1      | ptdevnull set off with the following spells memorised:
                  | Sting, Poisonous Vapours, Mephitic Cloud, Olgreb's Toxic
                  | Radiance.
     0 | D:1      | Reached XP level 1. HP: 15/15 MP: 0/0
   226 | D:1      | Found a faded altar of an unknown god.
   259 | D:1      | Prayed at the altar of an unknown god.
   259 | D:1      | Became a worshipper of Cheibriados the Contemplative
   259 | D:1      | Reached * piety under Cheibriados
   519 | D:1      | Reached XP level 2. HP: 14/22 MP: 0/0
   650 | D:1      | Reached skill level 1 in Fighting
  1056 | D:1      | Reached XP level 3. HP: 21/27 MP: 0/0
  1056 | D:1      | Learned a level 1 spell: Shock
  1484 | D:2      | Reached ** piety under Cheibriados
  1572 | D:2      | Reached skill level 3 in Spellcasting
  1796 | D:2      | Reached XP level 4. HP: 28/33 MP: 0/0
  2103 | D:3      | HP: 1/34 [river rat (5)]
  2454 | D:3      | Reached XP level 5. HP: 31/39 MP: 0/0
  2454 | D:3      | Learned a level 2 spell: Ensorcelled Hibernation
  2497 | D:3      | Found a glowing drain.
  2505 | Sewer    | Entered a sewer
  2776 | Sewer    | Reached *** piety under Cheibriados
  3258 | Sewer    | Noticed a bullfrog
  3260 | Sewer    | Noticed a bullfrog
  3271 | Sewer    | Killed a bullfrog
  3271 | Sewer    | HP: 2/40 [adder (2)]
  3272 | Sewer    | Reached skill level 4 in Spellcasting
  3272 | Sewer    | Reached XP level 6. HP: 2/46 MP: 0/0
  3273 | Sewer    | Slain by an adder

Illustrated notes

Levels and vault maps discovered:
D:1:      dpeg_arrival_morbid_curiosity, layout_basic,
          hellmonk_ecumenical_altar_crossroads, serial_bayou_lagoon_a,
          minmay_misc_feat_rows
D:2:      layout_basic
D:3:      layout_loops_corners, lightli_sewer_entry_pipes
Sewer:    sewer_frog_island_01

Skill      XL: |  1  2  3  4  5 |
---------------+----------------+-----
Fighting       | 1 2 3 |  3.3
Spellcasting   | 3 4 |  4.2
Dodging        | |  2.1
Stealth        | |  1.5

Action                   |  1- 3 |  4- 6 || total
-------------------------+-------+-------++-------
Melee: Unarmed           |       |    17 ||    17
 Cast: Sting             |    64 |    84 ||   148
       Poisonous Vapours |       |     7 ||     7
       Mephitic Cloud    |       |     1 ||     1
  Use: Scroll            |       |     5 ||     5
Armor: Robe              |     3 |       ||     3
       Leather armour    |       |    24 ||    24
Dodge: Dodged            |    16 |    71 ||    87

Table legend: (Time is in decaauts)
 A = Elapsed time spent in this place.
 B = Non-inter-level travel time spent in this place.
 C = Inter-level travel time spent in this place.
 D = Time resting spent in this place.
 E = Time spent auto-exploring this place.
 F = Levels seen in this place.
 G = Mean time per level.
                   A        B        C        D        E       F      G
               +--------+--------+--------+--------+--------+-----+--------+
         Total |   3735 |   3651 |     84 |    613 |   2440 |   4 |  933.8 |
       Dungeon |   2906 |   2822 |     84 |    410 |   1946 |   3 |  968.7 |
         Sewer |    828 |    828 |      0 |    203 |    493 |   1 |  828.0 |
               +--------+--------+--------+--------+--------+-----+--------+

Top non-repeatable levels by time:
     D:1: 1717 daAuts
     D:2: 974 daAuts
   Sewer: 828 daAuts
     D:3: 214 daAuts
